 Dungeon Crawl Stone Soup version 0.29.1-2-gbd0b4ee654 (webtiles) character file.

Game seed: 16946650290966054140

3913 xian the Cleaver (level 10, -12/129 HPs)
             Began as a Hill Orc Gladiator on Nov 26, 2022.
             Was a Believer of Qazlal.
             Mangled by an orc warlord
             ... wielding a +7 broad axe
              (26 damage)
             ... in a bailey.
             The game lasted 00:21:18 (6643 turns).

xian the Cleaver (Hill Orc Gladiator)               Turns: 6643, Time: 00:21:18

Health: -12/129    AC: 25    Str: 22    XL:     10   Next: 20%
Magic:  10/10      EV:  2    Int:  8    God:    Qazlal [**....]
Gold:   282        SH: 10    Dex: 12    Spells: 9/9 levels left

rFire   . . .      SeeInvis .   a - +0 war axe
rCold   . . .      Faith    .   F - +0 kite shield
rNeg    . . .      Spirit   .   (body armour currently unavailable)
rPois   +          Reflect  .   (helmet currently unavailable)
rElec   .          Harm     .   (cloak currently unavailable)
rCorr   .          Rampage  .   (gloves currently unavailable)
Will    +....      NoTele   +   (boots currently unavailable)
Stlth   +.........              D - amulet of regeneration
HPRegen 1.11/turn               p - ring of willpower
MPRegen 0.12/turn               (no ring)

@: tree-form
A: stationary, stasis, torment immunity, boosted hp
a: Renounce Religion, Upheaval


You were in a bailey.
You worshipped Qazlal.
Qazlal was pleased with you.
You were a tree.
You visited 2 branches of the dungeon, and saw 8 of its levels.
You also visited: Bailey.

You collected 380 gold pieces.
You spent 98 gold pieces at shops.

Inventory:

Hand Weapons
 a - a +0 war axe (weapon)
Missiles
 B - 3 javelins
 J - 9 boomerangs (quivered)
Armour
 f - +2 acid dragon scales (melded)
 i - a +2 hat (melded)
 j - a +2 pair of gloves (melded)
 u - a +0 pair of boots (melded)
 F - a +0 kite shield (worn)
Magical Staves
 o - a staff of conjuration
 y - a staff of fire
 I - a staff of air
Jewellery
 m - an amulet of magic regeneration
 p - a ring of willpower (left branch)
 D - an amulet of regeneration (around neck)
Wands
 b - a wand of quicksilver (13)
 d - a wand of mindburst (13)
 e - a wand of flame (14)
 r - a wand of charming (16)
Scrolls
 c - 3 scrolls of butterflies {unknown}
 g - 3 scrolls of immolation
 n - a scroll of blinking
 s - a scroll of enchant armour
 v - a scroll of enchant weapon
 w - 3 scrolls of amnesia {unknown}
 x - 4 scrolls of teleportation
 A - 2 scrolls of fear
 L - a scroll of magic mapping
Potions
 h - 3 potions of heal wounds
 k - 2 potions of curing
 l - a potion of mutation
 q - a potion of magic
 C - a potion of resistance {unknown}
 E - a potion of flight {unknown}
 H - a potion of attraction {unknown}


   Skills:
 + Level 7.6 Fighting
 + Level 12.6 Axes
 + Level 3.6 Throwing
 + Level 7.6 Armour
 + Level 3.8 Dodging
 + Level 0.7 Stealth
 + Level 2.6 Shields


You had 9 spell levels left.
You didn't know any spells.
Your spell library contained the following spells:

 Spells                   Type           Power      Damage    Failure   Level
 Magic Dart               Conj           0%         1d3       80%         1
 Slow                     Hex            0%         N/A       80%         1
 Searing Ray              Conj           0%         2d4       91%         2
 Confusing Touch          Hex            0%         N/A       99%         3
 Vampiric Draining        Necr           0%         2d6       99%         3
 Fulminant Prism          Conj/Hex       0%         3d6       100%        4
 Borgnjor's Revivificati  Necr           0%         N/A       100%        8
 Necromutation            Tmut/Necr      0%         N/A       100%        8
 Death's Door             Necr           0%         N/A       100%        9


Dungeon Overview and Level Annotations

Branches:
Dungeon (7/15)             Temple (1/1) D:4          Bailey (1/1)

Altars:
Ashenzari
Cheibriados
Dithmenos
Fedhas
Gozag
Hepliaklqana
Kikubaaqudgha
Nemelex Xobeh
Okawaru
Qazlal
Sif Muna
Trog
Uskayaw
Xom
Yredelemnul
Zin
The Shining One

Shops:
D:2 !   D:5 !   D:7 ?


Message History

Unknown command.
You barely miss the orc warlord.
The orc warlord is severely wounded.
The orc warlord hits you with a +7 broad axe!!
* * * LOW HITPOINT WARNING * * *
Unknown command.
You feel much better. You block the orc warlord's attack.
You feel much better. You block the orc warlord's attack.
Unknown command.
It was a potion of lignification.
You turn into a tree.
Your +2 hat melds into your body.
Your +2 pair of gloves melds into your body.
Your +0 pair of boots melds into your body.
Your +2 acid dragon scales melds into your body.
Your roots penetrate the ground.
The orc warlord hits you with a +7 broad axe!!
You hit the orc warlord.
The orc warlord is severely wounded.
The orc warlord hits you with a +7 broad axe.
You hit the orc warlord but do no damage.
The orc warlord is severely wounded.
You slash the hobgoblin!
You kill the hobgoblin!
Qazlal accepts your kill.
The orc warlord hits you with a +7 broad axe!
Unknown command.
You closely miss the orc warlord.
The orc warlord is severely wounded.
The orc warlord hits you with a +7 broad axe!
* * * LOW HITPOINT WARNING * * *
Unknown command.
You slash the orc warlord!
The orc warlord is severely wounded.
The orc warlord hits you with a +7 broad axe!!
* * * LOW HITPOINT WARNING * * *
Unknown command.
You slash the orc warlord!
The orc warlord is almost dead.
The orc warlord hits you with a +7 broad axe!!
You die...

.........~#†)~~...♣
~.8...8.~ #))~~...♣
##.......###)###..♣♣ .
#~.8...8.~#....##.♣ ..
#~~~~~~~~~#.....##♣
...####~~~####......##
......#'''#......8...#
.......°)............#
......)♣o............#
..8...........8..8..##
.....#######.......##
....# ##.....## !$.#
##...## ### #####


You could see an orc warlord.

Vanquished Creatures
  Pikel (D:5)
  Maggie (D:7)
  Joseph (D:7)
  Grinder (D:3)
  Sigmund (D:3)
  Menkaure (D:4)
  Duvessa (D:5)
  A water moccasin (D:5)
  A sky beast (D:6)
  4 orc warriors
  A black bear (D:6)
  2 phantoms
  3 scorpions
  6 wights
  Dowan (D:5)
  8 killer bees
  2 jellies
  2 orc priests
  Jessica (D:2)
  Terence (D:2)
  2 iguanas
  2 orc wizards
  A hound zombie (D:4)
  Robin (D:3)
  9 adders
  2 gnolls (Bailey)
  2 white imps (D:6)
  An ufetubus (D:4)
  A worm (D:3)
  4 dart slugs
  13 orcs
  5 endoplasms
  3 giant cockroaches
  20 goblins
  11 hobgoblins
  3 jackals (D:1)
  3 quokkas
  9 ball pythons
  2 bats (D:1)
  6 frilled lizards
  11 kobolds
  3 rats
154 creatures vanquished.

Vanquished Creatures (others)
  2 plants (D:6)
2 creatures vanquished.

Grand Total: 156 creatures vanquished

Notes
Turn   | Place    | Note
-------+----------+-------------------------------------------
     0 | D:1      | xian the Hill Orc Gladiator began the quest for the Orb.
     0 | D:1      | Reached XP level 1. HP: 18/18 MP: 1/1
   232 | D:1      | Reached XP level 2. HP: 21/25 MP: 2/2
  1012 | D:2      | Reached skill level 5 in Axes
  1012 | D:2      | Reached XP level 3. HP: 7/30 MP: 3/3
  1286 | D:2      | Noticed Jessica
  1296 | D:2      | Killed Jessica
  1297 | D:2      | Reached XP level 4. HP: 32/37 MP: 4/4
  1300 | D:2      | Reached skill level 1 in Armour
  1367 | D:2      | Found Riuwet's Distillery.
  1376 | D:2      | Bought a potion of degeneration for 14 gold pieces
  1548 | D:2      | Noticed Terence
  1565 | D:2      | Killed Terence
  1566 | D:2      | Reached skill level 6 in Axes
  2030 | D:3      | Reached XP level 5. HP: 21/35 MP: 5/5
  2068 | D:3      | Found a broken altar of Ashenzari.
  2651 | D:3      | Reached XP level 6. HP: 52/52 MP: 6/6
  2729 | D:3      | Found a faded altar of an unknown god.
  2729 | D:3      | Noticed Sigmund
  2729 | D:3      | Noticed Grinder
  2748 | D:3      | Killed Sigmund
  2749 | D:3      | Reached skill level 7 in Axes
  2749 | D:3      | Reached XP level 7. HP: 40/59 MP: 7/7
  2751 | D:3      | Killed Grinder
  2752 | D:3      | Reached skill level 8 in Axes
  3036 | D:3      | Noticed Robin
  3044 | D:3      | Killed Robin
  3072 | D:3      | Found a sparkling altar of Nemelex Xobeh.
  3076 | D:3      | Found a bloodstained altar of Trog.
  3220 | D:3      | Found a glowing silver altar of Zin.
  3390 | D:4      | Found a staircase to the Ecumenical Temple.
  3406 | Temple   | Entered the Ecumenical Temple
  3517 | Temple   | Became a worshipper of Qazlal Stormbringer
  3553 | D:4      | Found a transporter.
  3566 | D:4      | Found an ancient bone altar of Kikubaaqudgha.
  3569 | D:4      | Noticed Menkaure
  3574 | D:4      | Found a basalt altar of Yredelemnul.
  3593 | D:4      | Found a transporter.
  3613 | D:4      | Killed Menkaure
  3614 | D:4      | Reached skill level 9 in Axes
  3614 | D:4      | Reached XP level 8. HP: 67/67 MP: 8/8
  4061 | D:5      | Entered Level 5 of the Dungeon
  4124 | D:5      | Noticed Pikel
  4156 | D:5      | Killed Pikel
  4157 | D:5      | Reached skill level 5 in Fighting
  4157 | D:5      | Reached skill level 5 in Armour
  4367 | D:5      | Reached skill level 10 in Axes
  4423 | D:5      | Found Wuot's Distillery.
  4429 | D:5      | Bought a potion of curing for 42 gold pieces
  4543 | D:5      | Noticed Dowan
  4546 | D:5      | Noticed Duvessa
  4554 | D:5      | Killed Dowan
  4564 | D:5      | Killed Duvessa
  4565 | D:5      | Reached XP level 9. HP: 31/75 MP: 9/9
  5042 | D:5      | Found an iron altar of Okawaru.
  5632 | D:6      | Found a blossoming altar of Fedhas.
  5661 | D:6      | Reached skill level 11 in Axes
  6151 | D:7      | Noticed Joseph
  6162 | D:7      | Killed Joseph
  6162 | D:7      | Reached * piety under Qazlal
  6163 | D:7      | Reached skill level 1 in Shields
  6220 | D:7      | Noticed Maggie
  6229 | D:6      | Reached skill level 12 in Axes
  6339 | D:7      | Killed Maggie
  6340 | D:7      | Reached XP level 10. HP: 59/86 MP: 10/10
  6378 | D:7      | Found Ympeasm's Magic Scroll Boutique.
  6398 | D:7      | Bought a scroll of teleportation for 42 gold pieces
  6453 | D:7      | Found a flagged portal.
  6463 | Bailey   | Entered a bailey
  6468 | Bailey   | Noticed an orc warlord
  6543 | Bailey   | Reached ** piety under Qazlal
  6582 | Bailey   | Found a runed translucent gate.
  6582 | Bailey   | Found a runed translucent gate.
  6605 | Bailey   | Found a runed translucent gate.
  6643 | Bailey   | Mangled by an orc warlord

Illustrated notes

Levels and vault maps discovered:
D:1:      saegor_arrival_miasma, layout_loops_ring
D:2:      layout_rooms, serial_shops, shop, corexii_corridor_pit, uniq_jessica,
          uniq_terence
D:3:      layout_rooms, mainiacjoe_overflow_brackets, minitemple, zin_treasury,
          hellmonk_ecumenical_altar_heavens_door, minmay_snake_closets,
          uniq_sigmund, uniq_robin, uniq_grinder
D:4:      layout_rooms, gammafunk_temple_of_torment,
          minmay_temple_entry_butterflies
D:5:      layout_basic, mainiacjoe_overflow_paths, serial_shops, shop,
          hangedman_abyss_or_decor_jellyfish_corner, uniq_duvessa, uniq_pikel
D:6:      layout_basic, fedhas_altar_1, minmay_hedge_maze
D:7:      layout_rooms, nicolae_ru_awakened_eye, enter_bailey_6, serial_shops,
          nicolae_diamond_shop, minivault_27, uniq_maggie, uniq_joseph
Temple:   hellmonk_temple_beads
Bailey:   bailey_axe_bossmonster_kennysheep, bailey

Skill      XL: |  1  2  3  4  5  6  7  8  9 |
---------------+----------------------------+-----
Axes           | 5 6 7 9 10 12 | 12.6
Armour         | 1 2 3 4 5 7 |  7.6
Fighting       | 3 4 5 7 |  7.6
Dodging        | 3 |  3.8
Throwing       | 2 3 |  3.6
Shields        | 2 |  2.6
Stealth        | |  0.7

Action                   |  1- 3 |  4- 6 |  7- 9 | 10-12 || total
-------------------------+-------+-------+-------+-------++-------
Melee: War axe           |    68 |   119 |   216 |    81 ||   484
       Punch             |       |     1 |       |       ||     1
Throw: Javelin           |       |     9 |    22 |       ||    31
       Throwing net      |       |       |     4 |       ||     4
       Boomerang         |       |       |       |     2 ||     2
  Use: Potion            |       |     3 |     2 |     7 ||    12
       Scroll            |       |       |     8 |     1 ||     9
 Stab: Invisible         |       |       |       |     4 ||     4
Armor: Leather armour    |    25 |     9 |     1 |       ||    35
       Scale mail        |       |    63 |    28 |       ||    91
       Chain mail        |       |       |   113 |       ||   113
       Acid dragon scale |       |       |       |    23 ||    23
Dodge: Dodged            |    42 |    58 |    90 |    29 ||   219
Block: Kite shield       |       |       |    44 |    38 ||    82
